 Dungeon Crawl Stone Soup version 0.27-a0-1065-ge809cff456 (webtiles) character file.

Game seed: 12977141360709627736

39 shoop the Sneak (level 3, -3/31 HPs)
             Began as a Naga Hedge Wizard on Apr 24, 2021.
             Slain by a gnoll
             ... wielding a +0 spear
              (6 damage)
             ... on level 2 of the Dungeon.
             The game lasted 00:03:27 (1360 turns).

shoop the Sneak (Naga Hedge Wizard)                 Turns: 1360, Time: 00:03:28

Health: -3/31      AC:  2    Str: 12    XL:     3   Next: 45%
Magic:  6/7        EV:  9    Int: 15    God:
Gold:   1          SH:  0    Dex: 10    Spells: 2/8 levels left

rFire    . . .     SeeInvis +   f - +4 dagger
rCold    . . .     Faith    .   (no shield)
rNeg     . . .     Spirit   .   e - +0 robe {Will+}
rPois    +         Reflect  .   c - +0 hat
rElec    .         Harm     .   (no cloak)
rCorr    .         Rampage  .   (no gloves)
Will     +....                  (no barding)
Stlth    ++........             (no amulet)
HPRegen  0.10/turn              (no ring)
MPRegen  0.10/turn              (no ring)

@: short of breath, very slow
A: AC +1, large, see invisible, deformed body, poison resistance, slowness 2,
spit poison 1, naga tail 1
a: Spit Poison


You were on level 2 of the Dungeon.
You visited 1 branch of the dungeon, and saw 2 of its levels.

You collected 1 gold pieces.

Inventory:

Hand Weapons
 a - a +0 dagger
 d - a +0 short sword
 f - a +4 dagger (weapon)
 l - a +3 hunting sling
Armour
 b - a +0 robe
 c - a +0 hat (worn)
 e - a +0 robe of willpower (worn)
Jewellery
 j - a ring of fire
Scrolls
 i - a scroll of amnesia {unknown}
 k - a scroll of identify {unknown}
Potions
 g - a potion of curing {unknown}
 h - 2 potions of heal wounds {unknown}


   Skills:
 - Level 1.0 Fighting
 - Level 1.5 Dodging
 - Level 3.6 Stealth
 - Level 3.0 Spellcasting
 - Level 2.1 Conjurations
 - Level 1.0 Summonings
 - Level 1.0 Translocations
 + Level 0.7 Air Magic
 + Level 1.2 Poison Magic


You had 2 spell levels left.
You knew the following spells:

 Your Spells              Type           Power      Damage    Failure   Level
a - Magic Dart            Conj           32%        1d4       9%          1
b - Blink                 Tloc           N/A        N/A       21%         2
c - Mephitic Cloud        Conj/Pois/Air  6%         N/A       34%         3

Your spell library contained the following spells:

 Spells                   Type           Power      Damage    Failure   Level
 Animate Skeleton         Necr           4%         N/A       21%         1
 Pain                     Necr           8%         1d4       21%         1
 Call Imp                 Summ           5%         N/A       21%         2
 Slow                     Hex            2%         N/A       30%         2
 Conjure Flame            Conj/Fire      5%         6-21      36%         3
 Vampiric Draining        Necr           1%         2d6       52%         3
 Animate Dead             Necr           1%         N/A       89%         4
 Agony                    Necr           2%         N/A       99%         5


Dungeon Overview and Level Annotations

Branches:
Dungeon (2/15)

Altars:


Innate Abilities, Weirdness & Mutations

Your serpentine skin is tough. (AC +1)
You have supernaturally acute eyesight. (SInv)
Armour fits poorly on your strangely shaped body.
Your system is resistant to poisons. (rPois)
You cover ground very slowly.
You can spit poison.
You have a snake-like lower body.


Message History

You can't see any susceptible monsters within range! (Use Z to cast anyway.)
Casting: Magic Dart (safe; 9% risk of failure)
Confirm with . or Enter, or press ? or * to list all spells.
You can't see any susceptible monsters within range! (Use Z to cast anyway.)
Things that are here:
a +0 whip; a kobold corpse
Things that are here:
a +0 club; a goblin corpse A gnoll comes into view.
It is wielding a +0 spear.
The gnoll shouts!
A gnoll comes into view. It is wielding a +0 whip.
A gnoll comes into view. It is wielding a +0 halberd.
Press: ? - help, Shift-Dir - straight line, f - gnoll
Aim: a gnoll, wielding a +0 spear The splash of poison hits the gnoll.
The gnoll is heavily wounded.
The gnoll hits you from afar with a +0 spear.
Casting: Magic Dart (safe; 9% risk of failure)
Confirm with . or Enter, or press ? or * to list all spells.
Aiming: Magic Dart (safe; 9% risk of failure)
Press: ? - help, Shift-Dir - straight line, f/p - gnoll
Aim: a gnoll, wielding a +0 spear (moderately wounded, 100% to hit)
The magic dart hits the gnoll.
The gnoll is heavily wounded.
You have got your breath back.
The gnoll hits you from afar with a +0 spear!
The gnoll hits you with a +0 spear.
You hit the gnoll.
The gnoll is severely wounded.
The gnoll barely misses you.
You hit the gnoll but do no damage.
The gnoll is severely wounded.
The gnoll hits you with a +0 spear!
* * * LOW HITPOINT WARNING * * *
Press: ? - help, Shift-Dir - straight line, f/p - gnoll
Aim: a gnoll, wielding a +0 spear (severely wounded)
The splash of poison hits the gnoll.
The gnoll is almost dead.
The gnoll hits you with a +0 spear.
You die...

#.# ♣.♣ #.# ##.##
#.# #.# ##...## .
......# #.....# ..
... ..# ##...##
..† #.# #.# ##.##
...###.# #.# #.#
.......# #.# #@#
#...###.#####g# .
#.........g...#
.###...#####.#####
...†...# #.#
##.##.## #.#
##.##.# #g#
)..##.# #.#
...##........#


You could see a gnoll.

Vanquished Creatures
  A worm (D:2)
  A dart slug (D:1)
  A ball python (D:1)
  3 bats (D:1)
  2 endoplasms (D:1)
  6 goblins
  2 hobgoblins (D:1)
  A quokka (D:1)
  2 frilled lizards (D:1)
  7 kobolds
  6 rats
32 creatures vanquished.

Vanquished Creatures (others)
  16 plants (D:2)
16 creatures vanquished.

Grand Total: 48 creatures vanquished

Notes
Turn   | Place    | Note
-------+----------+-------------------------------------------
     0 | D:1      | shoop the Naga Hedge Wizard began the quest for the Orb.
     0 | D:1      | Reached XP level 1. HP: 15/15 MP: 4/4
   181 | D:1      | Reached XP level 2. HP: 24/24 MP: 1/6
   593 | D:1      | Reached skill level 1 in Fighting
   803 | D:1      | Reached XP level 3. HP: 31/31 MP: 5/7
   806 | D:1      | Learned a level 2 spell: Blink
   810 | D:1      | Learned a level 3 spell: Mephitic Cloud
   869 | D:1      | Found a faded altar of an unknown god.
  1126 | D:2      | Reached skill level 1 in Poison Magic
  1360 | D:2      | Slain by a gnoll

Illustrated notes

Levels and vault maps discovered:
D:1:      mrwooster_arrival_statue_3, layout_rooms,
          hellmonk_ecumenical_altar_zigzags
D:2:      layout_loops_ring, serial_forest, infiniplex_forest_clump_diagonal,
          infiniplex_forest_clump_curved, infiniplex_forest_clump_long,
          infiniplex_forest_clump_small, infiniplex_forest_lined_2,
          infiniplex_forest_clump_long, infiniplex_forest_clump_large,
          infiniplex_forest_zigzag_2, infiniplex_forest_straight_2

Skill      XL: |  1  2  3 |
---------------+----------+-----
Conjurations   | 2 |  2.1
Fighting       | 1 |  1.0
Poison Magic   | 1 |  1.2
Dodging        | |  1.5
Stealth        | |  3.6
Spellcasting   | |  3.0
Summonings     | |  1.0
Translocations | |  1.0
Air Magic      | |  0.7

Action                   || total
-------------------------++-------
Melee: Dagger            ||    28
       Short sword       ||     5
 Cast: Magic Dart        ||    52
 Abil: Spit Poison       ||    11
Armor: Robe              ||     6
Dodge: Dodged            ||    14

Table legend: (Time is in decaauts)
 A = Elapsed time spent in this place.
 B = Non-inter-level travel time spent in this place.
 C = Inter-level travel time spent in this place.
 D = Time resting spent in this place.
 E = Time spent auto-exploring this place.
 F = Levels seen in this place.
 G = Mean time per level.
                   A        B        C        D        E       F      G
               +--------+--------+--------+--------+--------+-----+--------+
         Total |   1585 |   1563 |     22 |      3 |   1343 |   2 |  792.5 |
       Dungeon |   1585 |   1563 |     22 |      3 |   1343 |   2 |  792.5 |
               +--------+--------+--------+--------+--------+-----+--------+

Top non-repeatable levels by time:
     D:1: 1278 daAuts
     D:2: 307 daAuts
